 Dungeon Crawl Stone Soup version 0.27-a0-1248-g57ac2eb73c (webtiles) character file.

Game seed: 10389880753741092581

2 Kinoniko the Chopper (level 1, -3/19 HPs)
             Began as a Hill Orc Monk on June 10, 2021.
             Slain by a quokka (4 damage)
             ... on level 1 of the Dungeon.
             The game lasted 00:00:11 (14 turns).

Kinoniko the Chopper (Hill Orc Monk)                  Turns: 14, Time: 00:00:11

Health: -3/19      AC:  2    Str: 13    XL:     1   Next: 30%
Magic:  1/1        EV: 12    Int: 10    God:
Gold:   0          SH:  0    Dex: 13    Spells: 0/0 levels left

rFire    . . .     SeeInvis .   a - +0 hand axe
rCold    . . .     Faith    .   (no shield)
rNeg     . . .     Spirit   .   b - +0 robe
rPois    .         Reflect  .   (no helmet)
rElec    .         Harm     .   (no cloak)
rCorr    .         Rampage  .   (no gloves)
Will     .....                  (no boots)
Stlth    ++........             (no amulet)
HPRegen  0.06/turn              (no ring)
MPRegen  0.07/turn              (no ring)

@: no status effects
A: no striking features
a: no special abilities


You were on level 1 of the Dungeon.
You visited 1 branch of the dungeon, and saw 1 of its levels.

Inventory:

Hand Weapons
 a - a +0 hand axe (weapon)
Armour
 b - a +0 robe (worn)


   Skills:
 - Level 3.6 Fighting
 * Level 4.2 Axes
 - Level 2.4 Dodging
 - Level 1.5 Stealth


You couldn't memorise any spells.
You didn't know any spells.
Your spell library was empty.

Dungeon Overview and Level Annotations

Branches:
Dungeon (1/15)

Altars:


Message History

There are monsters nearby!
A bat comes into view.
A quokka comes into view.
A jackal comes into view.
Found a stone staircase leading down.
You closely miss the kobold.
The jackal barks!
The kobold closely misses you. The kobold hits you with a +0 dagger.
You hit the bat.
You kill the bat!
You hit the kobold.
You kill the kobold!
A ball python and a jackal come into view.
The jackal barks!
The bat closely misses you. The quokka closely misses you.
You barely miss the jackal. You hit the bat. You barely miss the quokka.
The bat hits you but does no damage.
The jackal bites you but does no damage.
The quokka bites you.
A jackal comes into view.
The jackal bites you. The bat hits you but does no damage.
The quokka barely misses you. The bat barely misses you.
You barely miss the quokka. The quokka bites you.
You are too injured to fight recklessly!
You are too injured to fight recklessly!
You aren't carrying any potions.
You closely miss the quokka. The quokka bites you.
* * * LOW HITPOINT WARNING * * *
The quokka closely misses you.
The jackal barks!
You hit the quokka.
The quokka is severely wounded.
You hear a shout!
The quokka bites you.
* * * LOW HITPOINT WARNING * * *
A ball python comes into view.
You barely miss the quokka.
The quokka is severely wounded.
The quokka bites you.
You die...

h#....... ...#
......... #...##
........# .....#
##S.....##.##.##.
#.......#....... ..
#......!)..#..###..
.......hSb#.#..#...
##....hhr#...#.....
#..#####@.)..#####
.>...#...........#.
......#.........#..
###...#....<....#..
#..#...........#.
#..#####.....#####
#.......#...#.....
.....#..#.#.....#
...####..#.......


You could see a quokka, 3 jackals, a bat and 2 ball pythons.

Vanquished Creatures
  A bat (D:1)
  A kobold (D:1)
2 creatures vanquished.

Notes
Turn   | Place    | Note
-------+----------+-------------------------------------------
     0 | D:1      | Kinoniko the Hill Orc Monk began the quest for the Orb.
     0 | D:1      | Reached XP level 1. HP: 19/19 MP: 1/1
    14 | D:1      | Slain by a quokka

Illustrated notes

Levels and vault maps discovered:
D:1:      scummos_arrival_star, layout_rooms,
          shapermc_ecumenical_altar_notcrosses, serial_forest,
          infiniplex_forest_lined_room_, infiniplex_forest_clump_cross,
          infiniplex_forest_pool, infiniplex_forest_end_3,
          infiniplex_forest_clump_tiny, infiniplex_forest_lined_4_way,
          infiniplex_forest_lined_corner, infiniplex_forest_clump_medium,
          infiniplex_forest_lined_2

Action                   || total
-------------------------++-------
Melee: Hand axe          ||     7
Armor: Robe              ||     3
Dodge: Dodged            ||     6

Table legend: (Time is in decaauts)
 A = Elapsed time spent in this place.
 B = Non-inter-level travel time spent in this place.
 C = Inter-level travel time spent in this place.
 D = Time resting spent in this place.
 E = Time spent auto-exploring this place.
 F = Levels seen in this place.
 G = Mean time per level.
                   A        B        C        D        E       F      G
               +--------+--------+--------+--------+--------+-----+--------+
         Total |     14 |     14 |      0 |      0 |      1 |   1 |   14.0 |
       Dungeon |     14 |     14 |      0 |      0 |      1 |   1 |   14.0 |
               +--------+--------+--------+--------+--------+-----+--------+

Top non-repeatable levels by time:
     D:1: 14 daAuts
